[Event "*** Titled Tuesday Blitz"]
[Site "Chess.com"]
[Date "2020.05.12"]
[Round "9"]
[White "atalz0"]
[Black "Rhinos1"]
[Result "1-0"]
[WhiteElo "2440"]
[BlackElo "2209"]
[TimeControl "180+1"]
[EndTime "11:42:28 PDT"]
[Termination "atalz0 won by resignation"]

1. d4 d5 2. c4 c6 3. cxd5 cxd5 4. Bf4 Nc6 5. e3 Nf6 6. Nc3 Bg4 7. f3 Bc8 8. Bd3 e6 9. Nge2 Bd6 10. O-O O-O 11.
Rc1 h6 12. Bb1 e5 13. dxe5 Bxe5 14. Qd3 g6 15. Bxh6 Re8 16. Rfd1 Be6 17. Bg5 Kg7 18. f4 Bd6 19. Nd4 Nxd4 20. Qxd4 Be7 21. f5 Bxf5 22. Bxf5 gxf5 23. Nxd5 Kg6 24. Qh4 Rh8 25. Nf4+ Kg7 26. Rxd8 Raxd8 27. Bxf6+ Bxf6 28. Nh5+ Kf8 29. Qxf6 Rxh5 30.
Qxd8+ Kg7 31. Qd4+ 1-0

[Event "*** Titled Tuesday Blitz"]
[Site "Chess.com"]
[Date "2020.05.12"]
[Round "9"]
[White "GMartin_Petrov"]
[Black "Kostya26"]
[Result "1-0"]
[WhiteElo "2567"]
[BlackElo "2394"]
[TimeControl "180+1"]
[EndTime "11:42:29 PDT"]
[Termination "GMartin_Petrov won on time"]

1. e4 c5 2. Nf3 Nc6 3. d4 cxd4 4. Nxd4 e5 5. Nb5 d6 6. c4 Be7 7. N1c3 a6 8. Na3 f5 9. exf5 Bxf5 10. Bd3 Be6 11.
O-O Nf6 12. Nc2 O-O 13. Nd5 Rc8 14. Be3 e4 15. Be2 Ne5 16. Nd4 Bd7 17. Nf4 Qe8 18.
Rc1 Bd8 19. Qb3 g5 20. c5+ Kh8 21. Nfe6 Rf7 22. cxd6 Rxc1 23. Rxc1 g4 24. Bf4 Ng6 25. Nxd8 Qxd8 26. Qxf7 Nxf4 27. Rc7 Nxe2+ 28. Nxe2 1-0

[Event "*** Titled Tuesday Blitz"]
[Site "Chess.com"]
[Date "2020.05.12"]
[Round "9"]
[White "Nikithebest"]
[Black "LivajaM"]
[Result "1-0"]
[WhiteElo "2392"]
[BlackElo "2283"]
[TimeControl "180+1"]
[EndTime "11:42:30 PDT"]
[Termination "Nikithebest won by resignation"]

1. e4 c5 2. Nf3 Nc6 3. Bb5 g6 4. O-O Bg7 5. Nc3 Nd4 6. Nxd4 cxd4 7. Ne2 a6 8. Bc4 b5 9. Bd5 Rb8 10. c3 e6 11. Bb3 Bb7 12. Nxd4 Bxe4 13. d3 Bb7 14.
Bf4 e5 15. Re1 d6 16. Nf3 Ne7 17. Bg5 O-O 18. d4 e4 19. Nd2 d5 20. f3 f6 21. Bf4 e3 22. Rxe3 Nf5 23. Re1 Rc8 24.
Qe2 Re8 25. Qxe8+ Qxe8 26. Rxe8+ Rxe8 27. Kf2 Kf7 28. g4 Ne7 29. a4 bxa4 30. Rxa4 Rd8 31. Rb4 Bc8 32. Ne4 Bf8 33. Nd6+ Kg7 34. Nxc8 Rxc8 35.
Rb7 Kg8 36. Bd6 Rd8 37. Bxe7 Bxe7 38. Rxe7 1-0

[Event "*** Titled Tuesday Blitz"]
[Site "Chess.com"]
[Date "2020.05.12"]
[Round "9"]
[White "Bagirova"]
[Black "Mimsychess"]
[Result "0-1"]
[WhiteElo "2196"]
[BlackElo "2334"]
[TimeControl "180+1"]
[EndTime "11:42:30 PDT"]
[Termination "Mimsychess won by resignation"]

1. d4 Nf6 2. Nf3 e6 3. Bf4 b6 4. e3 Bb7 5. Bd3 c5 6. c3 Be7 7. Nbd2 cxd4 8. exd4 d6 9. O-O Nbd7 10. Qe2 O-O 11.
h3 Re8 12. Rfe1 Bf8 13. Qf1 Qc7 14. Bh2 g6 15. Rad1 Rad8 16. Ne4 Nxe4 17. Bxe4 Nf6 18. Bxb7 Qxb7 19. Qe2 Bh6 20. Nd2 b5 21. Ne4 Nxe4 22. Qxe4 Qxe4 23. Rxe4 d5 24. Re2 Rc8 25. a3 a5 26. Bd6 Rc4 27. Bc5 Bf8 28. Bxf8 Kxf8 29. Re3 Rec8 30. Rdd3 b4 31. axb4 axb4 32. cxb4 Rxb4 33.
b3 Rc2 34. f4 Rb2 35. g4 Rb8 36. Rc3 Ra8 37. Re1 Raa2 38. f5 Rg2+ 39. Kh1 gxf5 40. gxf5 exf5 41. Rc5 f4 42. Rxd5 Rh2+ 43. Kg1 Rag2+ 44.
Kf1 f3 0-1

[Event "*** Titled Tuesday Blitz"]
[Site "Chess.com"]
[Date "2020.05.12"]
[Round "9"]
[White "rpragchess"]
[Black "marianokar"]
[Result "1-0"]
[WhiteElo "2871"]
[BlackElo "2412"]
[TimeControl "180+1"]
[EndTime "11:42:31 PDT"]
[Termination "rpragchess won on time"]

1. b3 d5 2. Bb2 Bf5 3. Nf3 e6 4. d3 h6 5. Nbd2 Nf6 6. g3 Be7 7. Bg2 O-O 8. O-O c5 9. Ne5 Nc6 10. Nxc6 bxc6 11. e4 Bh7 12. Qe2 a5 13. a4 Rb8 14.
Bc3 Nd7 15. Rfe1 Bf6 16. e5 Be7 17. f4 c4 18. bxc4 Bb4 19. Bxb4 Rxb4 20. cxd5 cxd5 21. Nb3 Nb6 22. Nxa5 Nxa4 23. Nb3 Qc7 24. Qf2 Rfb8 25. Ra3 Qc3 26. Rea1 Bxd3 27. cxd3 Rxb3 28. Rxa4 Rb1+ 29.
Rxb1 Rxb1+ 30. Bf1 Rb2 31. Ra8+ Kh7 32. Rc8 Qb3 33. Qa7 1-0

[Event "*** Titled Tuesday Blitz"]
[Site "Chess.com"]
[Date "2020.05.12"]
[Round "9"]
[White "Unknown_IM"]
[Black "Manukyan_Artak"]
[Result "1-0"]
[WhiteElo "2557"]
[BlackElo "2419"]
[TimeControl "180+1"]
[EndTime "11:42:35 PDT"]
[Termination "Unknown_IM won by resignation"]

1. Nf3 g6 2. d4 Bg7 3. c4 d6 4. Nc3 Nf6 5. Bf4 O-O 6. e3 c5 7. d5 Qa5 8. Qd2 Bf5 9. Be2 e5 10. dxe6 Bxe6 11. O-O Rd8 12. Rfd1 Nc6 13. Ng5 Bf5 14. Bd3 Bxd3 15. Qxd3 Ne5 16. Qe2 Qa6 17. b3 h6 18. Nf3 Nxf3+ 19. Qxf3 Nh5 20. Nd5 Bxa1 21.
Rxa1 Kg7 22. g4 Nxf4 23. Qxf4 Rd7 24. Qf6+ Kh7 25. Qb2 Rdd8 26. Rd1 Qc6 27. h4 Rd7 28. g5 Rad8 29. Nf6+ 1-0

[Event "*** Titled Tuesday Blitz"]
[Site "Chess.com"]
[Date "2020.05.12"]
[Round "9"]
[White "Vamostodorecto"]
[Black "SHIVACalypso"]
[Result "0-1"]
[WhiteElo "2431"]
[BlackElo "2327"]
[TimeControl "180+1"]
[EndTime "11:42:37 PDT"]
[Termination "SHIVACalypso won by checkmate"]

1. d4 e6 2. c4 Nf6 3. Nc3 Bb4 4. Nf3 O-O 5. Bg5 d5 6. cxd5 exd5 7. e3 h6 8. Bh4 g5 9. Bg3 Ne4 10. Rc1 f5 11.
Bd3 h5 12. h4 f4 13. Bxe4 dxe4 14. Nxg5 Bxc3+ 15. bxc3 fxg3 16. Qxh5 gxf2+ 17. Kd2 Qe7 18. Qg6+ Qg7 19. Qxe4 Nc6 20. Rb1 Kh8 21. Qd5 Bg4 22. h5 Rad8 23. Qc5 b6 24. Qb5 Rf5 25.
Qxc6 Rxg5 26. h6 Qf7 27. Rbf1 Re8 28. Kd3 Bf5+ 29. Kd2 Qxa2+ 30. Kd1 Qc2# 0-1

[Event "*** Titled Tuesday Blitz"]
[Site "Chess.com"]
[Date "2020.05.12"]
[Round "9"]
[White "GoValya"]
[Black "NefeLV"]
[Result "1-0"]
[WhiteElo "2175"]
[BlackElo "1802"]
[TimeControl "180+1"]
[EndTime "11:42:38 PDT"]
[Termination "GoValya won on time"]

1. d4 d5 2. Nf3 Nf6 3. g3 g6 4. Bg2 Bg7 5. O-O O-O 6. c4 c6 7. Nc3 dxc4 8. Ne5 Be6 9. a4 Nbd7 10. Nf3 Nb6 11. a5 Nbd5 12. e4 Nxc3 13. bxc3 Nxe4 14. Qc2 Bd5 15. Bf4 e6 16. Rfb1 b6 17. axb6 axb6 18.
Rxa8 Qxa8 19. Rxb6 Qa1+ 20. Rb1 Qxc3 21. Qe2 Bxd4 22.
Nxd4 Qxd4 23. Be3 Qf6 24. Rc1 Rb8 25. Bxe4 Bxe4 26. Bf4 Bd3 27. Qe3 Rb2 28. Be5 1-0

[Event "*** Titled Tuesday Blitz"]
[Site "Chess.com"]
[Date "2020.05.12"]
[Round "9"]
[White "Reader777"]
[Black "2nd_life"]
[Result "1-0"]
[WhiteElo "2604"]
[BlackElo "2431"]
[TimeControl "180+1"]
[EndTime "11:42:39 PDT"]
[Termination "Reader777 won on time"]

1. d4 Nf6 2. c4 e6 3. g3 c5 4. Nf3 cxd4 5. Nxd4 d5 6. Bg2 e5 7. Nf3 d4 8. O-O Nc6 9. e3 Be7 10. exd4 exd4 11. b4 Bxb4 12. Nxd4 Nxd4 13. Qa4+ Kf8 14. Qxb4+ Kg8 15. Qd2 Bg4 16. f3 Bf5 17. Rd1 Ne6 18.
Qxd8+ Rxd8 19. Rxd8+ Nxd8 20. Be3 a6 21. Nc3 h6 22. Rd1 Kh7 23. g4 Be6 24. Nd5 Nc6 25. Nxf6+ gxf6 26. Rb1 Bxc4 27. Rxb7 Bxa2 28. f4 Rc8 29.
Rb6 Ne7 30. Rxf6 a5 31. f5 Ng8 32. Ra6 Rc3 33. Bd4 Rc4 34. Be5 Rxg4 35. Rxa5 Bc4 36.
Bg3 Rg5 37. Kf2 Bd3 38. Bh3 Ne7 39. Ra7 1-0

[Event "*** Titled Tuesday Blitz"]
[Site "Chess.com"]
[Date "2020.05.12"]
[Round "9"]
[White "BIG_Pirate"]
[Black "Klavdia_Nik"]
[Result "1-0"]
[WhiteElo "2296"]
[BlackElo "2094"]
[TimeControl "180+1"]
[EndTime "11:42:39 PDT"]
[Termination "BIG_Pirate won on time"]

1. Nf3 Nf6 2. c4 c5 3. Nc3 b6 4.
g3 Bb7 5. Bg2 g6 6. b3 Bg7 7. Bb2 O-O 8. O-O d5 9. Nxd5 Nxd5 10.
Bxg7 Kxg7 11. cxd5 Qxd5 12. d4 cxd4 13. Qxd4+ Qxd4 14. Nxd4 Bxg2 15. Kxg2 e5 16. Nb5 a6 17. Nc7 Ra7 18. Rac1 Nd7 19. Rfd1 Nf6 20. Rd6 b5 21. Rxa6 Rxa6 22. Nxa6 Ra8 23. Nb4 Ne4 24. f3 Nd6 25. Rc6 Nf5 26. Rc5 f6 27. Rxb5 h5 28. Kf2 Rd8 29. Rc5 Rd4 30. Nd3 e4 31. fxe4 Rxe4 32. a4 Nd4 33. Nc1 f5 34. a5 Re6 35. b4 h4 36. b5 Rd6 37. a6 Ne6 38. a7 Rd8 39. Rc6 Nd4 40. Rc7+ Kf6 41. b6 Ne6 42. Rc6 1-0

[Event "*** Titled Tuesday Blitz"]
[Site "Chess.com"]
[Date "2020.05.12"]
[Round "9"]
[White "Zakaryan_David"]
[Black "VishnuPrasanna"]
[Result "0-1"]
[WhiteElo "2527"]
[BlackElo "2700"]
[TimeControl "180+1"]
[EndTime "11:42:41 PDT"]
[Termination "VishnuPrasanna won on time"]

1. e4 c5 2. Nc3 Nc6 3. Nf3 Nf6 4. d4 cxd4 5. Nxd4 e5 6. Ndb5 d6 7. Bg5 a6 8. Na3 b5 9. Nd5 Be7 10. Bxf6 Bxf6 11. c4 Ne7 12. Nxf6+ gxf6 13. Qd2 f5 14. Bd3 O-O 15. O-O bxc4 16. Nxc4 fxe4 17. Bxe4 d5 18. Qg5+ Ng6 19. Qxd8 Rxd8 20. Nb6 Rb8 21. Nxd5 Rxb2 22. Rfd1 Kg7 23. Ne3 Rxd1+ 24. Nxd1 Rd2 25. Ne3 Be6 26. a4 a5 27. g3 Ne7 28. Rc1 f5 29. Rc7 Kf6 30.
Bc2 f4 31. gxf4 exf4 32. Nf1 Rd4 33. f3 Nd5 34. Rc5 Ne3 35. Nxe3 fxe3 36. Kf1 Rd2 37. Ke1 Rxh2 38. Bd3 Ra2 39. Rxa5 Bb3 40. Rf5+ Ke6 41. Rf4 h5 42. Re4+ Kd5 43. Rh4 Rd2 44. Rxh5+ Kd4 45. Be2 Ra2 0-1

[Event "*** Titled Tuesday Blitz"]
[Site "Chess.com"]
[Date "2020.05.12"]
[Round "9"]
[White "LittlePeasant"]
[Black "Didici"]
[Result "1-0"]
[WhiteElo "2789"]
[BlackElo "2642"]
[TimeControl "180+1"]
[EndTime "11:42:42 PDT"]
[Termination "LittlePeasant won by resignation"]

1. Nf3 d5 2. c4 d4 3. b4 g5 4. h3 h6 5. e3 e5 6. Nxe5 Bg7 7.
Nf3 dxe3 8. d4 exf2+ 9. Kxf2 Nc6 10. Be3 Nxb4 11. Nc3 Ne7 12. Qa4+ Nbc6 13. d5 Bxc3 14. Rd1 Bd7 15. dxc6 Nxc6 16. Qc2 Qf6 17. Rxd7 Kxd7 18. Bd3 Rhd8 19. Bf5+ Ke8 20. Bc5 Bd4+ 21. Nxd4 Nxd4 22.
Re1+ Ne6 23. Kg1 b6 24. Ba3 Qd4+ 25. Kh1 Qd2 26. Qe4 Qd4 27. Qc6+ Qd7 28. Rxe6+ 1-0

[Event "*** Titled Tuesday Blitz"]
[Site "Chess.com"]
[Date "2020.05.12"]
[Round "9"]
[White "gross-aleks"]
[Black "jacky72"]
[Result "0-1"]
[WhiteElo "2495"]
[BlackElo "2658"]
[TimeControl "180+1"]
[EndTime "11:42:42 PDT"]
[Termination "jacky72 won by checkmate"]

1. c4 Nf6 2. Nc3 g6 3. g3 Bg7 4. Bg2 O-O 5. d4 d6 6. Nf3 Nc6 7. O-O Bf5 8. d5 Na5 9. Nd4 Bd7 10. Qd3 c5 11. dxc6 bxc6 12. b4 e5 13. Nc2 Nb7 14.
e4 a5 15. b5 Nc5 16. Qe2 cxb5 17. cxb5 a4 18. Ba3 Qb6 19. Rab1 Be6 20. h3 Rfc8 21. Rfd1 Bf8 22. Ne3 Rab8 23. Ncd5 Nxd5 24. Nxd5 Bxd5 25. Rxd5 Ne6 26. Qd3 Nc7 27. Bxd6 Nxd5 28. Bxb8 Nc3 29. Bxe5 Nxb1 30. Qxb1 Rc5 31. Bd4 Rxb5 32. Qd3 Bc5 33. Bf1 Rb4 34. Bc3 Rb1 35. Kg2 Bxf2 36. Qc4 Bc5 37.
Qd5 Rb2+ 38. Bxb2 Qxb2+ 39. Kf3 Qf2+ 40. Kg4 h5+ 41. Kg5 Be7+ 42. Kh6 Qe3+ 43. Qg5 Bxg5# 0-1

[Event "*** Titled Tuesday Blitz"]
[Site "Chess.com"]
[Date "2020.05.12"]
[Round "9"]
[White "GMHess"]
[Black "RobertoJBM"]
[Result "1-0"]
[WhiteElo "2798"]
[BlackElo "2577"]
[TimeControl "180+1"]
[EndTime "11:42:42 PDT"]
[Termination "GMHess won by resignation"]

1. e4 c6 2. Nc3 d5 3. d4 dxe4 4. Nxe4 Nd7 5. Qe2 Ndf6 6. Nf3 Bg4 7. c3 Nxe4 8. Qxe4 Nf6 9. Qf4 Qd5 10. Ne5 Bh5 11. Rg1 Qe4+ 12. Qxe4 Nxe4 13. g4 Bg6 14. Bg2 f5 15. Bxe4 fxe4 16. Nxg6 hxg6 17. Bf4 g5 18. Bg3 e6 19. Kd2 Kd7 20. Rae1 Bd6 21. Rxe4 Bxg3 22.
hxg3 Rh2 23. Re2 Rf8 24. f3 Rh6 25. Ke3 Kd6 26. Ke4 Rh3 27. f4 g6 28. c4 Rf7 29.
Rgg2 Rh1 30. fxg5 Rhf1 31. Rh2 R1f3 32. Re3 Rf2 33. c5+ Ke7 34. Rxf2 Rxf2 35. Rb3 b5 36. cxb6 axb6 37. Rxb6 Kd6 38. a4 Rg2 39. Rb3 Re2+ 40.
Kd3 Rg2 41. Kc4 Re2 42. a5 Re4 43. a6 e5 44. a7 Rxd4+ 45. Kc3 1-0

[Event "*** Titled Tuesday Blitz"]
[Site "Chess.com"]
[Date "2020.05.12"]
[Round "9"]
[White "HunterBRR"]
[Black "JoachimBN"]
[Result "0-1"]
[WhiteElo "2007"]
[BlackElo "2560"]
[TimeControl "180+1"]
[EndTime "11:42:42 PDT"]
[Termination "JoachimBN won by resignation"]

1. d4 Nf6 2. c4 e5 3. dxe5 Ne4 4. Qc2 Bb4+ 5. Nd2 Nxd2 6. Bxd2 Qe7 7. Nf3 Nc6 8. e3 Bxd2+ 9. Qxd2 Nxe5 10. Nxe5 Qxe5 11.
Bd3 b6 12. O-O Bb7 13. Rac1 O-O 14. Rfd1 d6 15. b4 Qg5 16. Bf1 Rad8 17. Qc3 Qe5 18. Rd4 Rfe8 19. c5 h6 20. cxd6 cxd6 21. Qb2 Rc8 22.
Rcd1 d5 23. Qb3 Rc7 24. Be2 Rec8 25. Bf3 Rc3 26. Qa3 Rxa3 0-1

[Event "*** Titled Tuesday Blitz"]
[Site "Chess.com"]
[Date "2020.05.12"]
[Round "9"]
[White "Azerichess"]
[Black "Anuar_Is"]
[Result "1-0"]
[WhiteElo "3055"]
[BlackElo "2815"]
[TimeControl "180+1"]
[EndTime "11:42:43 PDT"]
[Termination "Azerichess won by resignation"]

1. d4 Nf6 2. c4 g6 3. Bg5 Bg7 4. Nc3 d6 5. Nf3 O-O 6. Qd2 c5 7. d5 Re8 8. e4 e6 9. Be2 exd5 10. exd5 Bf5 11. O-O Qb6 12. Nh4 Ne4 13. Nxe4 Bxe4 14. f3 Qxb2 15. Qxb2 Bxb2 16. fxe4 Bd4+ 17. Kh1 Bxa1 18.
Rxa1 Rxe4 19. Bd3 Rd4 20. Bf1 Nd7 21. Nf3 Re4 22. Bd3 Ree8 23. Rf1 f6 24. Bf4 Ne5 25. Nxe5 dxe5 26. Be3 f5 27. Bxc5 b6 28. Bb4 Kf7 29. g4 e4 30. Be2 Kf6 31. gxf5 gxf5 32. Bg4 Ke5 33. Bc3+ Kd6 34. Rxf5 Kc5 35. Bf6 e3 36. Be2 Re4 37. Kg2 Rxc4 38. Bxc4 Kxc4 39. d6 1-0

[Event "*** Titled Tuesday Blitz"]
[Site "Chess.com"]
[Date "2020.05.12"]
[Round "9"]
[White "RATNAKARAN"]
[Black "Isajevsky_Anton"]
[Result "1-0"]
[WhiteElo "2565"]
[BlackElo "2392"]
[TimeControl "180+1"]
[EndTime "11:42:43 PDT"]
[Termination "RATNAKARAN won by checkmate"]

1. e4 c5 2. Nf3 d6 3. c3 Nf6 4. h3 Bd7 5. Bd3 Bc6 6. Qe2 e5 7. O-O Be7 8. b4 Qc7 9. a4 O-O 10. b5 Bd7 11. Na3 h6 12. Nc4 Be6 13. Ba3 Re8 14.
Rfb1 Nbd7 15. a5 Bf8 16. Bc1 b6 17. Bc2 d5 18. exd5 Bxd5 19. Ne3 Bb7 20. a6 Bxf3 21. Qxf3 e4 22. Qe2 Ne5 23. c4 Ng6 24. Bb2 Nf4 25. Qd1 Qd6 26. Ra3 Rad8 27. Nf5 Qe6 28. Ne3 g6 29. Bc3 Bg7 30. Qf1 h5 31. Re1 Qd7 32.
Kh2 Nh7 33. Bxg7 Kxg7 34. g3 Ng5 35. gxf4 Nf3+ 36. Kg2 Nxd2 37. Qe2 Qc7 38. Nd5 Rxd5 39. cxd5 Nf3 40. Qe3 Nxe1+ 41. Qxe1 Qxf4 42. Qe3 Qd6 43. Bb3 f5 44. Bc4 f4 45. Qc3+ Kh6 46. f3 e3 47.
Ra2 Re5 48. Kf1 Rg5 49. Qh8# 1-0

[Event "*** Titled Tuesday Blitz"]
[Site "Chess.com"]
[Date "2020.05.12"]
[Round "9"]
[White "pirulillo"]
[Black "Nafania1"]
[Result "0-1"]
[WhiteElo "2210"]
[BlackElo "2440"]
[TimeControl "180+1"]
[EndTime "11:42:43 PDT"]
[Termination "Nafania1 won by resignation"]

1. e4 e6 2. d3 c5 3. Nf3 Nc6 4. g3 g6 5. Bg5 Qc7 6. Nbd2 Bg7 7. c3 Nge7 8. Bf4 d6 9. Nc4 e5 10. Bg5 h6 11. Bxe7 Qxe7 12. Bg2 O-O 13. O-O Be6 14.
Ne3 Qd7 15. Nd2 f5 16. exf5 gxf5 17. f4 Rae8 18. Nd5 Qf7 19. c4 Nd4 20. Nb3 exf4 21. Nxf4 Kh7 22. Nxd4 Bxd4+ 23. Kh1 b6 24. Qc2 Bc8 25.
Bd5 Bb7 26. Rae1 Bxd5+ 27. cxd5 Re5 28. Qg2 Qb7 29. b3 Rfe8 30. Rxe5 Rxe5 31. Qh3 Be3 32. Qh5 Bxf4 33. gxf4 Qxd5+ 34. Rf3 Re3 35. Kg2 Rxd3 36. Kg3 Qxf3+ 37. Qxf3 Rxf3+ 38. Kxf3 d5 39. Ke3 Kg6 40. Kd3 b5 41. a4 bxa4 42. bxa4 a5 0-1

[Event "*** Titled Tuesday Blitz"]
[Site "Chess.com"]
[Date "2020.05.12"]
[Round "9"]
[White "bmt011"]
[Black "Caterpiller35"]
[Result "0-1"]
[WhiteElo "2094"]
[BlackElo "2360"]
[TimeControl "180+1"]
[EndTime "11:42:43 PDT"]
[Termination "Caterpiller35 won on time"]

1. d4 Nf6 2. Bf4 d5 3. e3 c5 4. c3 Nc6 5. Nd2 e6 6. Ngf3 cxd4 7. exd4 Nh5 8. Bg5 Be7 9. Be3 Bd6 10. Ne5 Bxe5 11.
dxe5 g6 12. Nf3 O-O 13. Bh6 Qc7 14. Bxf8 Kxf8 15. Be2 Nxe5 16. Qd4 Nxf3+ 17. Bxf3 Nf4 18. Qh8+ Ke7 19. O-O h5 20. c4 dxc4 21. Rad1 Rb8 22. Rd4 e5 23. Re1 Be6 24. Qxe5 Qxe5 25. Rxe5 Nd3 26.
Rb5 b6 27. Rg5 Kf6 28. Rb5 Nc5 0-1

[Event "*** Titled Tuesday Blitz"]
[Site "Chess.com"]
[Date "2020.05.12"]
[Round "9"]
[White "mmaks007"]
[Black "ZEN-22"]
[Result "0-1"]
[WhiteElo "2240"]
[BlackElo "2417"]
[TimeControl "180+1"]
[EndTime "11:42:43 PDT"]
[Termination "ZEN-22 won by resignation"]

1. e4 c6 2. d4 d5 3. Nc3 b5 4. exd5 b4 5. Na4 cxd5 6. Bb5+ Bd7 7. Bxd7+ Nxd7 8. Nf3 e6 9. O-O Nb6 10. Nxb6 Qxb6 11.
Bf4 Nf6 12. Ne5 Be7 13. Kh1 O-O 14. f3 Rfc8 15. Rf2 a5 16. g4 a4 17. h4 Qb5 18. h5 Nd7 19. Nxd7 Qxd7 20. Qd2 Rc4 21. Rd1 Rac8 22. Qd3 Qc6 23. Rdd2 a3 24. bxa3 Rc3 25. Qe2 Rxa3 26. h6 g6 27. g5 Rxa2 28. Qe5 f6 29.
gxf6 Bf8 30. f7+ Kxf7 31. Bg5 Ra7 32. Rde2 Ke8 33. Qxe6+ Qxe6 34. Rxe6+ Kd7 35. Rfe2 Ra2 36. Be7 Rcxc2 37. Rxc2 Rxc2 0-1

[Event "*** Titled Tuesday Blitz"]
[Site "Chess.com"]
[Date "2020.05.12"]
[Round "9"]
[White "albano87"]
[Black "Usurpov"]
[Result "0-1"]
[WhiteElo "2310"]
[BlackElo "2434"]
[TimeControl "180+1"]
[EndTime "11:42:45 PDT"]
[Termination "Usurpov won by checkmate"]

1. Nf3 Nf6 2. d4 g6 3. g3 Bg7 4. Bg2 O-O 5. O-O d5 6. c4 dxc4 7. Na3 Nc6 8. Nxc4 Be6 9. Nce5 Bd5 10. Nxc6 Bxc6 11. b3 a5 12. Bb2 a4 13. Qd2 Bd5 14. Ne5 Bxg2 15. Kxg2 c5 16. Nf3 cxd4 17. Bxd4 Qd5 18. Bxf6 Qxd2 19. Nxd2 Bxf6 20. Rac1 axb3 21. axb3 Ra2 22. Ne4 Rxe2 23. Nxf6+ exf6 24. Rc7 b5 25. Rd1 Rb2 26. Rd3 Re8 27. Rb7 Re5 28. Rd8+ Kg7 29. Rdd7 Ree2 30. Rxf7+ Kh6 31. Rxh7+ Kg5 32. Rxb5+ f5 33.
Rd5 Rxf2+ 34. Kg1 Rg2+ 35. Kh1 Rge2 36. Rd1 Rxb3 37. Rh4 Rbb2 38. Rf1 Kf6 39. Rhf4 Rxh2+ 40. Kg1 Rbg2# 0-1

[Event "*** Titled Tuesday Blitz"]
[Site "Chess.com"]
[Date "2020.05.12"]
[Round "9"]
[White "StockholmMissile"]
[Black "politeplayer"]
[Result "1-0"]
[WhiteElo "2425"]
[BlackElo "2188"]
[TimeControl "180+1"]
[EndTime "11:42:45 PDT"]
[Termination "StockholmMissile won by resignation"]

1. e4 c5 2. Nf3 e6 3. c3 Nf6 4. e5 Nd5 5. d4 cxd4 6. cxd4 d6 7. Bd3 Nc6 8. O-O dxe5 9. dxe5 Ke7 10. Nbd2 Ke8 11.
Ne4 Be7 12. Bg5 h6 13. Bxe7 Qxe7 14. Rc1 Kf8 15. Bb1 Bd7 16. a3 g6 17. Nc3 Nc7 18. Qe2 Kg7 19. Rfd1 Rhd8 20. h4 Be8 21. h5 Rxd1+ 22. Rxd1 Rd8 23. Rxd8 Qxd8 24. hxg6 fxg6 25. Ne4 Nd4 26. Nxd4 Qxd4 27. Nd6 Ba4 28. Bd3 Nd5 29. Qf3 Qf4 30. Qxf4 Nxf4 31. Be4 Bc6 32. Bxc6 bxc6 33. Nc8 Nd3 34. Nxa7 Nxe5 35. Nc8 Nc4 36. a4 Nxb2 37. a5 1-0

[Event "*** Titled Tuesday Blitz"]
[Site "Chess.com"]
[Date "2020.05.12"]
[Round "9"]
[White "smshk35"]
[Black "SCIM"]
[Result "0-1"]
[WhiteElo "2406"]
[BlackElo "2544"]
[TimeControl "180+1"]
[EndTime "11:42:46 PDT"]
[Termination "SCIM won by resignation"]

1. e4 c5 2. Nf3 e6 3. d4 cxd4 4. Nxd4 Nc6 5. Nc3 Qc7 6. g3 a6 7. Bg2 Nf6 8. O-O Nxd4 9. Qxd4 Bc5 10. Qd3 Ng4 11. Qe2 h5 12. Bf4 Ne5 13. Be3 d6 14. Bxc5 dxc5 15. f4 Nc6 16. e5 Nd4 17. Qd1 Bd7 18. Ne4 Bc6 19. Nd6+ Ke7 20. c3 Bxg2 21.
Kxg2 Nf5 22. Nxf5+ exf5 23. Qc2 g6 24. Rfe1 Rad8 25.
Re2 c4 26. Rae1 Rd3 27. e6 f6 28. Re3 Rhd8 29. Rxd3 Rxd3 30. Re2 Qc6+ 31. Kg1 Qc5+ 32. Kg2 Qd5+ 33. Kf2 Qf3+ 34. Kg1 h4 35. gxh4 Qg4+ 36. Kf1 Qxf4+ 37. Ke1 Qxh4+ 38. Rf2 Rf3 39. Qd2 Qxf2+ 40. Qxf2 Rxf2 41. Kxf2 Kxe6 42. Ke3 0-1

[Event "*** Titled Tuesday Blitz"]
[Site "Chess.com"]
[Date "2020.05.12"]
[Round "9"]
[White "manuellarrea"]
[Black "Ariadna_Atreides"]
[Result "0-1"]
[WhiteElo "2174"]
[BlackElo "2088"]
[TimeControl "180+1"]
[EndTime "11:42:47 PDT"]
[Termination "Ariadna_Atreides won on time"]

1. e4 c5 2. Nf3 d6 3. d4 cxd4 4.
Nxd4 Nf6 5. Nc3 Nc6 6. Bc4 Bd7 7. Be3 Ng4 8. Bg5 Qb6 9. Nd5 Qxd4 10. Nc7+ Kd8 11. Qxd4 Nxd4 12. Nxa8 Nxc2+ 13. Ke2 Nxa1 14. Rxa1 Ne5 15. Bd3 Bc6 16. Be3 Nxd3 17. Kxd3 b6 18. Nxb6 axb6 19. Bxb6+ Kd7 20. a4 g6 21. b4 Bg7 22. Rc1 Bxa4 23. Rc7+ Ke6 24. f4 Bb5+ 25. Ke3 Bh6 26. g4 Ra8 27. Ba7 f6 28. h4 Bf8 29. g5 fxg5 30. hxg5 Bg7 31. Kf3 h6 32. gxh6 Bxh6 33. Kg4 Be2+ 0-1

[Event "*** Titled Tuesday Blitz"]
[Site "Chess.com"]
[Date "2020.05.12"]
[Round "9"]
[White "BakaPG"]
[Black "RaunakSadhwani2005"]
[Result "0-1"]
[WhiteElo "2667"]
[BlackElo "2841"]
[TimeControl "180+1"]
[EndTime "11:42:48 PDT"]
[Termination "RaunakSadhwani2005 won by resignation"]

1. e4 c6 2. d4 d5 3. Nd2 dxe4 4.
Nxe4 Nf6 5. Nxf6+ exf6 6. c3 Bd6 7. Bd3 O-O 8. Qc2 Re8+ 9. Ne2 h5 10. Bd2 Nd7 11.
O-O-O h4 12. g3 h3 13. Nf4 Nf8 14. Rhe1 Ne6 15. Bc4 Nxf4 16. gxf4 Rxe1 17. Rxe1 f5 18. Qd3 b5 19. Bb3 a5 20. Qxh3 a4 21. Bc2 g6 22.
Rg1 Qf6 23. Be3 Be6 24. d5 Bxd5 25. Bd4 Bxf4+ 26. Kb1 Be5 27. Bxe5 Qxe5 28. Bxf5 Be4+ 29. Bxe4 Qxe4+ 30. Kc1 a3 31. b3 Qe2 32. Qd7 Qb2+ 33. Kd1 Qb1+ 0-1

[Event "*** Titled Tuesday Blitz"]
[Site "Chess.com"]
[Date "2020.05.12"]
[Round "9"]
[White "BogdanDeac"]
[Black "Tooweak2slow03"]
[Result "1/2-1/2"]
[WhiteElo "2899"]
[BlackElo "2634"]
[TimeControl "180+1"]
[EndTime "11:42:48 PDT"]
[Termination "Game drawn by agreement"]

1. Nf3 e6 2. d4 f5 3. c4 b6 4. g3 Bb7 5. Bg2 Nf6 6. O-O Be7 7.
d5 O-O 8. Nd4 Qc8 9. Nc3 Na6 10.
dxe6 Bxg2 11. Kxg2 dxe6 12. Qa4 Qb7+ 13. Qc6 Qxc6+ 14.
Nxc6 Bd6 15. Bg5 Nb4 16. Nd4 Rae8 17. a3 Bc5 18. axb4 Bxd4 19. Rxa7 Bxc3 20. bxc3 Ne4 21. Be3 Rf7 22. Rc1 e5 23. c5 f4 24. gxf4 exf4 25. Bd4 bxc5 26. bxc5 Re6 27. Ra8+ Rf8 28. Rxf8+ Kxf8 29. Kf3 Nd2+ 30. Kxf4 Rxe2 31. Ra1 Re4+ 32. Kf5 Kf7 33. f4 g6+ 34. Kg4 h5+ 35. Kg3 Ke6 36.
Ra7 Kd5 37. Rxc7 g5 38. Rd7+ Kc6 39. Rd6+ Kc7 40. fxg5 Rg4+ 41. Kh3 Ne4 42. Rg6 Nxg5+ 43. Rxg5 Rxg5 1/2-1/2

[Event "*** Titled Tuesday Blitz"]
[Site "Chess.com"]
[Date "2020.05.12"]
[Round "9"]
[White "GrafLermontov"]
[Black "PIwan"]
[Result "1-0"]
[WhiteElo "2393"]
[BlackElo "2493"]
[TimeControl "180+1"]
[EndTime "11:42:48 PDT"]
[Termination "GrafLermontov won on time"]

1. d4 e6 2. c4 f5 3. Nc3 Nf6 4. Nf3 d5 5. Bf4 c6 6. e3 Be7 7. Qc2 O-O 8. Bd3 b5 9. cxb5 c5 10. dxc5 Bxc5 11. O-O Bb7 12. Rac1 Nbd7 13. Na4 Rc8 14.
Qb3 Ne4 15. Bxe4 fxe4 16. Ne5 Nxe5 17. Nxc5 Nd3 18. Nxd3 exd3 19. Qxd3 Qf6 20. b3 e5 21.
Bg3 h5 22. h4 d4 23. exd4 exd4 24. Rfd1 Rxc1 25. Rxc1 Rd8 26. Rc7 Ba8 27. Rxa7 Qe6 28. Kh2 Qd5 29. f3 Re8 30. Qg6 1-0

[Event "*** Titled Tuesday Blitz"]
[Site "Chess.com"]
[Date "2020.05.12"]
[Round "9"]
[White "Sjakkerntobi"]
[Black "FMOlexandrProhorov"]
[Result "0-1"]
[WhiteElo "2282"]
[BlackElo "2117"]
[TimeControl "180+1"]
[EndTime "11:42:48 PDT"]
[Termination "FMOlexandrProhorov won by checkmate"]

1. e4 c5 2. Nf3 e6 3. d4 cxd4 4. Nxd4 Qb6 5. Nb3 Nf6 6. Bd3 d5 7. e5 Nfd7 8. Qe2 Nc6 9. f4 Nb4 10. Nc3 Nxd3+ 11. cxd3 Nc5 12. Be3 Qc7 13. Nd4 Bd7 14. O-O Be7 15. Rf3 g6 16. Rff1 Rc8 17. Rae1 a6 18. g4 h5 19. f5 gxf5 20. gxf5 Qxe5 21.
fxe6 Rg8+ 22. Kh1 fxe6 23. Qf3 Qh8 24. Qf7+ Kd8 25. Nxe6+ Bxe6 26. Bxc5 Bxf7 27. Bxe7+ Kc7 28. Rxf7 Kb8 29. Bd6+ Ka8 30. Nxd5 Qd4 31. Nc7+ Rxc7 32. Rxc7 Qd5+ 33. Re4 Qxd6 34. Ree7 Qd5+ 35. Re4 Qxd3 36. Re8+ Rxe8 37. Rc8+ Rxc8 38. h3 Qf3+ 39. Kh2 Rc2+ 40. Kg1 Qg2# 0-1